 Dungeon Crawl Stone Soup version 0.22-a0-482-g76e0a5f (webtiles) character file.

26 Amnesiac the Grave Robber (level 2, -8/21 HPs)
             Began as a Mummy Necromancer on June 17, 2018.
             Mangled by Menkaure (15 damage)
             ... on level 4 of the Dungeon.
             The game lasted 00:01:51 (941 turns).

Amnesiac the Grave Robber (Mummy Necromancer)        Turns: 941, Time: 00:01:52

Health: -8/21      AC: 10    Str: 11    XL:     2   Next: 89%
Magic:  6/6        EV:  2    Int: 14    God:
Gold:   45         SH:  0    Dex: 12    Spells: 6/7 levels left

rFire    x . .     SeeInvis .   a - +0 hunting sling
rCold    + . .     Gourm    .   (no shield)
rNeg     + + +     Faith    .   d - +0 plate armour
rPois    ∞         Spirit   .   (no helmet)
rElec    .         Reflect  .   (no cloak)
rCorr    .         Harm     .   (no gloves)
MR       .....                  (no boots)
Stlth    ..........             (no amulet)
HPRegen  0.07/turn              (no ring)
MPRegen  0.10/turn              (no ring)

@: no status effects
A: no food or potions, fire vulnerability, cold resistance 1, negative energy
resistance 3, torment resistance, unbreathing
a: no special abilities


You were on level 4 of the Dungeon.
You were not hungry.

You visited 1 branch of the dungeon, and saw 4 of its levels.

You collected 45 gold pieces.

Inventory:

Hand Weapons
 a - a +0 hunting sling (weapon)
 g - a +0 whip
Missiles
 e - 43 stones (quivered)
Armour
 d - a +0 plate armour (worn)
Scrolls
 f - a scroll of identify {!r, unknown}
 h - a scroll of blinking {!r, unknown}
 i - a scroll of teleportation {!r, unknown}


   Skills:
 + Level 1.1 Fighting
 * Level 2.4 Dodging
 - Level 1.5 Stealth
 - Level 3.0 Spellcasting
 - Level 4.0 Necromancy


You had 6 spell levels left.
You knew the following spells:

 Your Spells              Type           Power        Failure   Level  Hunger
a - Pain                  Necr           ##..         100%        1    N/A

Your spell library contained the following spells:

 Spells                   Type           Power        Failure   Level  Hunger
 Animate Dead             Necr           N/A          100%        4    N/A
 Animate Skeleton         Necr           N/A          100%        1    N/A
 Vampiric Draining        Necr           ##........   100%        3    N/A
 Regeneration             Chrm/Necr      #.........   100%        3    N/A

Dungeon Overview and Level Annotations

Branches:
Dungeon (4/15)
 Temple: D:4-7

Altars:
Nemelex Xobeh
Xom

Annotations:
D:4 Menkaure


Innate Abilities, Weirdness & Mutations

You do not eat or drink.
Your flesh is vulnerable to fire.
You are immune to poison.
Your flesh is cold resistant. (rC+)
You are immune to negative energy. (rN+++)
You are immune to unholy pain and torment.
You can survive without breathing.


Message History

You slide downwards.
The hatch slams shut behind you.
HP restored.
Menkaure, Prince of Dust comes into view.
Menkaure shouts!
Menkaure is nearby!
Search for what [? for help]? bul Can't find anything matching that.
Unknown command.
Really read
b - a scroll labeled RIESOXI TYEGIM {!r}?
As you read the scroll labeled RIESOXI TYEGIM {!r}, it crumbles to dust.
You assume a fearsome visage.
Nothing appears to happen.
It was a scroll of fear {!r}.
Really read
c - a scroll labeled EZUBAK QIENUICO {!r}?
As you read the scroll labeled EZUBAK QIENUICO {!r}, it crumbles to dust.
You feel as if something is helping you.
It was a scroll of remove curse {!r}.
Firing (i - inventory)
e - 52 stones (quivered)
Press: ? - help, Shift-Dir - straight line, f - Menkaure
Aim: Menkaure You shoot a stone.
The stone hits Menkaure but does no damage.
Unknown command.
Firing (i - inventory)
e - 51 stones (quivered)
Press: ? - help, Shift-Dir - straight line, f/p - Menkaure
Aim: Menkaure You shoot a stone.
The stone hits Menkaure.
Menkaure is lightly damaged.
Menkaure wails, "Why can't you leave me to my rest?"
Firing (i - inventory)
e - 50 stones (quivered)
Press: ? - help, Shift-Dir - straight line, f/p - Menkaure
Aim: Menkaure (lightly damaged)
You shoot a stone. The stone barely misses Menkaure.
Firing (i - inventory)
e - 49 stones (quivered)
Press: ? - help, Shift-Dir - straight line, f/p - Menkaure
Aim: Menkaure (lightly damaged)
You shoot a stone. The stone completely misses Menkaure.
Firing (i - inventory)
e - 48 stones (quivered)
Press: ? - help, Shift-Dir - straight line, f/p - Menkaure
Aim: Menkaure (lightly damaged)
You shoot a stone. The stone closely misses Menkaure.
Menkaure hits you.
Firing (i - inventory)
e - 47 stones (quivered)
Press: ? - help, Shift-Dir - straight line, f/p - Menkaure
Aim: Menkaure (lightly damaged)
You shoot a stone.
The stone hits Menkaure but does no damage.
Menkaure is lightly damaged.
Menkaure whispers, "It doesn't hurt if you pull your brain out of your nose yourself."
Menkaure hits you but does no damage.
Firing (i - inventory)
e - 46 stones (quivered)
Press: ? - help, Shift-Dir - straight line, f/p - Menkaure
Aim: Menkaure (lightly damaged)
You shoot a stone. The stone barely misses Menkaure.
Menkaure hits you!
* * * LOW HITPOINT WARNING * * *
Firing (i - inventory)
e - 45 stones (quivered)
Press: ? - help, Shift-Dir - straight line, f/p - Menkaure
Aim: Menkaure (lightly damaged)
You shoot a stone. The stone barely misses Menkaure.
Menkaure barely misses you.
Firing (i - inventory)
e - 44 stones (quivered)
Press: ? - help, Shift-Dir - straight line, f/p - Menkaure
Aim: Menkaure (lightly damaged)
You shoot a stone. The stone barely misses Menkaure.
Menkaure hits you!
Ouch! That really hurt!
You die...

#..####.#
#....##.#
#.##.##.#
#.......#
####.#### ##
#.#
##.######(#
.#.#....M(((.#
.......@######
.#.#...## ##.#
##


You could see Menkaure.

Vanquished Creatures
  A worm (D:2)
  A leopard gecko (D:2)
  A ball python (D:2)
  A giant cockroach (D:2)
  4 goblins (D:2)
  5 hobgoblins
  A bat (D:2)
  3 kobolds
  4 rats
21 creatures vanquished.

Notes
Turn   | Place    | Note
-------+----------+-------------------------------------------
     0 | D:1      | Amnesiac the Mummy Necromancer began the quest for the Orb.
     0 | D:1      | Reached XP level 1. HP: 13/13 MP: 4/4
   452 | D:2      | Reached XP level 2. HP: 20/20 MP: 5/5
   547 | D:2      | Found a shimmering altar of Xom.
   616 | D:2      | Found a sparkling altar of Nemelex Xobeh.
   636 | D:2      | Reached skill level 1 in Fighting
   912 | D:4      | Noticed Menkaure
   941 | D:4      | Mangled by Menkaure

Vault maps used:
D:1:      scummos_arrival_simple_fountains
D:2:      nemelex_xobeh_ov_fountains_minmay, old_standard_altar
D:3:      nicolae_ashenzari_panopticon, first_ration, st_stairs_8
D:4:      old_standard_altar, uniq_natasha, uniq_menkaure

Skill      XL: |  1  2 |
---------------+-------+-----
Dodging        | 2 |  2.4
Spellcasting   | 3 |  3.0
Fighting       | 1 |  1.1
Stealth        | |  1.5
Necromancy     | |  4.0

Action                   || total
-------------------------++-------
Melee: Club              ||    27
       Unarmed           ||     7
       Whip              ||    11
 Fire: Hunting sling     ||    57
 Cast: Pain              ||     6
  Use: Scroll            ||     2
Armor: Plate armour      ||    65
Dodge: Dodged            ||     8

Table legend:
 A = Spawn XP
 B = Non-spawn XP
 C = Spawn XP percentage of total XP
 D = Spawn monster count
 E = Non-spawn monster count
 F = Spawn count percentage of total count
 G = Total turns spent on level
                    A         B        C        D         E        F      G
               +---------+---------+-------+---------+---------+-------+---------
         Total |       0 |      38 |   0.0 |       0 |      21 |   0.0 |   941
               +---------+---------+-------+---------+---------+-------+---------
           D:1 |       0 |      10 |   0.0 |       0 |       6 |   0.0 |   373
           D:2 |       0 |      26 |   0.0 |       0 |      14 |   0.0 |   483
           D:3 |       0 |       2 |   0.0 |       0 |       1 |   0.0 |    44
               +---------+---------+-------+---------+---------+-------+---------
